 Dungeon Crawl Stone Soup version 0.30-a0-719-gcc4359ea44 (webtiles) character file.

Game seed: 7787377688963866328

2139 Newt the Spear-Bearer (level 9, -2/65 HPs)
             Began as a Demonspawn Gladiator on Jan 26, 2023.
             Was a Follower of Makhleb.
             Shot with an arrow by a centaur (10 damage)
             ... on level 6 of the Dungeon.
             The game lasted 00:06:40 (5879 turns).

Newt the Spear-Bearer (Demonspawn Gladiator)        Turns: 5879, Time: 00:06:41

Health: -2/65      AC:  6    Str: 24    XL:     9   Next: 9%
Magic:  0/15       EV: 14    Int: 11    God:    Makhleb [*.....]
Gold:   212        SH:  0    Dex: 14    Spells: 17/17 levels left

rFire   . . .      SeeInvis .    i - +3 spear (venom)
rCold   . . .      Faith    .    (no shield)
rNeg    . . .      Spirit   +    b - +0 leather armour
rPois   .          Reflect  .    (helmet restricted)
rElec   .          Harm     .    v - +1 cloak {rCorr}
rCorr   +          Rampage  .    (no gloves)
Will    .....                    n - +0 pair of boots
Stlth   ++                       (no amulet)
HPRegen 0.30/turn                B - +6 ring of strength
MPRegen 0.28/turn                (no ring)

@: no status effects
A: antennae 1, repulsion field 1, ignite blood 2, magic shield, magic
regeneration, magic link
a: Renounce Religion


You were on level 6 of the Dungeon.
You worshipped Makhleb.
Makhleb was aware of your devotion.
You visited 2 branches of the dungeon, and saw 7 of its levels.

You collected 245 gold pieces.
You spent 33 gold pieces at shops.

Inventory:

Hand Weapons
 a - a +0 rapier
 i - a +3 spear of venom (weapon)
Missiles
 d - 3 throwing nets (quivered)
 e - a javelin
 h - 7 poisoned darts
Armour
 b - a +0 leather armour (worn)
 c - a +0 helmet
 k - a +1 helmet
 n - a +0 pair of boots (worn)
 v - a +1 cloak of preservation (worn)
Jewellery
 B - a +6 ring of strength (left hand)
Wands
 y - a wand of charming (5)
Scrolls
 l - a scroll of immolation
 m - 3 scrolls of enchant armour
 r - 4 scrolls of teleportation
 x - 2 scrolls of vulnerability
 C - 2 scrolls of amnesia
 D - a scroll of blinking {unknown}
Potions
 f - a potion of attraction
 g - 3 potions of curing
 j - 3 potions of flight
 o - 2 potions of lignification
 p - 2 potions of mutation
 q - a potion of berserk rage
 s - a potion of haste
 t - a potion of brilliance
 u - a potion of might {unknown}
 w - a potion of magic
 z - a potion of invisibility
 A - a potion of heal wounds {unknown}


   Skills:
 - Level 4.0 Fighting
 - Level 2.6 Short Blades
 - Level 8.0 Polearms
 - Level 1.7 Throwing
 - Level 4.0 Armour
 - Level 2.6 Dodging
 - Level 2.0 Stealth
 + Level 4.6 Spellcasting


You had 17 spell levels left.
You didn't know any spells.
Your spell library contained the following spells:

 Spells                   Type           Power      Damage    Failure   Level
 Airstrike                Air            1%         2d(1-17)  94%         4
 Summon Lightning Spire   Summ/Air       2%         N/A       94%         4
 Lightning Bolt           Conj/Air       1%         1d12      100%        5


Dungeon Overview and Level Annotations

Branches:
Dungeon (6/15)             Temple (1/1) D:4

Altars:
Ashenzari
Cheibriados
Dithmenos
Fedhas
Gozag
Kikubaaqudgha
Makhleb
Okawaru
Qazlal
Ru
Sif Muna
Trog
Uskayaw
Vehumet
Wu Jian
Xom
Yredelemnul

Shops:
D:3 [=   D:4 *   D:5 (


Innate Abilities, Weirdness & Mutations

You have a pair of small antennae on your head.
You are surrounded by a mild repulsion field. (EV +2)
Your demonic aura often causes spilled blood to erupt in flames.
When hurt, damage is shared between your health and your magic reserves.
You regenerate magic rapidly.
When low on magic, you restore magic in place of health.


Message History

The vampire mosquito is heavily damaged.
Reach: i) +3 spear (venom)
Press: ? - help, Dir - move target, f/p - vampire mosquito
Aim: a vampire mosquito (heavily damaged, about 44% to evade your +3 spear of venom)
You reach to attack!
You hit the vampire mosquito.
The vampire mosquito is severely damaged.
Reach: i) +3 spear (venom)
Press: ? - help, Dir - move target, f/p - vampire mosquito
Aim: a vampire mosquito (severely damaged, about 44% to evade your +3 spear of venom)
You reach to attack!
You hit the vampire mosquito.
The vampire mosquito is almost destroyed.
Reach: i) +3 spear (venom)
Press: ? - help, Dir - move target, f/p - vampire mosquito
Aim: a vampire mosquito (almost destroyed, about 44% to evade your +3 spear of venom)
You reach to attack!
You closely miss the vampire mosquito.
The vampire mosquito is almost destroyed.
Reach: i) +3 spear (venom)
Press: ? - help, Dir - move target, f/p - vampire mosquito
Aim: a vampire mosquito (almost destroyed, about 44% to evade your +3 spear of venom)
You hit the vampire mosquito.
The vampire mosquito is almost destroyed.
The vampire mosquito closely misses you.
The vampire mosquito bites you.
* * * LOW HITPOINT WARNING * * *
The vampire mosquito draws strength from your injuries!
You puncture the vampire mosquito!
You destroy the vampire mosquito!
Makhleb accepts your kill.
The centaur looks more healthy.
The centaur wields a +0 shortbow.
The centaur shoots an arrow.
The arrow hits you!
* * * LOW HITPOINT WARNING * * *
Reach: i) +3 spear (venom)
Press: ? - help, Dir - move target, f - centaur
Aim: a centaur, wielding a +0 shortbow (lightly wounded, about 22% to evade your +3 spear of venom)
You reach to attack!
You hit the centaur.
The centaur is moderately wounded.
The centaur shoots an arrow.
The arrow hits you!
* * * LOW HITPOINT WARNING * * *
You feel better.
The centaur shoots an arrow.
The arrow hits you!
You die...

#.....## ###.
.......## ##.#.##
........####.....#
........'........#
........# #.#
..(....# #.#
#.....## #c#
##...## #†# ##'##
#@# #.# #.#
###.##### #.#
....#...## #.#
##.......## #.#
#.........######.#
##...............#
##........########
.........##


You could see a centaur.

Vanquished Creatures
  Eustachio (D:4)
  3 vampire mosquitoes (D:6)
  An ice beast (D:6)
  3 black bears (D:6)
  2 ogres
  2 phantoms (D:6)
  Blork the orc (D:4)
  5 scorpions
  Crazy Yiuf (D:4)
  5 hounds
  An orc priest (D:3)
  2 jellies
  4 iguanas
  10 adders
  A white imp (D:6)
  3 worms
  3 dart slugs
  18 orcs
  14 ball pythons
  3 bats
  7 endoplasms
  4 giant cockroaches
  7 goblins
  7 hobgoblins
  4 jackals (D:5)
  3 quokkas
  3 frilled lizards
  8 kobolds
  3 rats
129 creatures vanquished.

Vanquished Creatures (others)
  2 fungi (D:4)
2 creatures vanquished.

Grand Total: 131 creatures vanquished

Notes
Turn   | Place    | Note
-------+----------+-------------------------------------------
     0 | D:1      | Newt the Demonspawn Gladiator began the quest for the Orb.
     0 | D:1      | Reached XP level 1. HP: 16/16 MP: 1/1
    33 | D:1      | You fall into a shaft and drop 1 floor!
    66 | D:2      | Reached skill level 1 in Stealth
    90 | D:2      | Gained mutation: You are surrounded by a mild repulsion
                  | field. (EV +2) [demonic ancestry]
    90 | D:2      | Reached XP level 2. HP: 15/22 MP: 2/2
   182 | D:1      | Found a faded altar of an unknown god.
   295 | D:1      | Gained mutation: Your demonic aura sometimes causes spilled
                  | blood to erupt in flames. [demonic ancestry]
   295 | D:1      | Reached XP level 3. HP: 28/28 MP: 3/3
  1033 | D:2      | Gained mutation: Your demonic aura often causes spilled
                  | blood to erupt in flames. [demonic ancestry]
  1033 | D:2      | Reached XP level 4. HP: 25/37 MP: 4/4
  1587 | D:3      | Found Osuanwuown's Armour Shop.
  1667 | D:3      | Found Tatimaeth's Jewellery Emporium.
  1834 | D:3      | Reached skill level 1 in Polearms
  1845 | D:3      | Reached skill level 2 in Polearms
  1845 | D:3      | Reached XP level 5. HP: 15/42 MP: 5/5
  2626 | D:4      | Reached skill level 3 in Polearms
  2714 | D:4      | Found a staircase to the Ecumenical Temple.
  2855 | Temple   | Entered the Ecumenical Temple
  3025 | Temple   | Became a worshipper of Makhleb the Destroyer
  3153 | D:4      | Found a runed translucent door.
  3154 | D:4      | Noticed Crazy Yiuf
  3187 | D:4      | Found Jegor's General Store.
  3197 | D:4      | Gained mutation: You have a pair of small antennae on your
                  | head. [demonic ancestry]
  3197 | D:4      | Reached XP level 6. HP: 47/48 MP: 6/6
  3222 | D:4      | Bought a potion of curing for 33 gold pieces
  3253 | D:4      | Reached skill level 4 in Polearms
  3359 | D:4      | Noticed Blork the orc
  3366 | D:4      | Killed Blork the orc
  3367 | D:4      | Reached skill level 1 in Armour
  3574 | D:4      | Noticed Eustachio
  3580 | D:4      | Killed Eustachio
  3581 | D:4      | Gained mutation: You regenerate magic rapidly. [demonic
                  | ancestry]
  3581 | D:4      | Reached XP level 7. HP: 46/54 MP: 7/7
  3774 | D:4      | Killed Crazy Yiuf
  3955 | D:5      | Entered Level 5 of the Dungeon
  4123 | D:5      | Found Pised's Weapon Shoppe.
  4306 | D:5      | Reached skill level 5 in Polearms
  4468 | D:5      | Reached * piety under Makhleb
  4677 | D:6      | Reached skill level 6 in Polearms
  4677 | D:6      | Gained mutation: When hurt, damage is shared between your
                  | health and your magic reserves. [demonic ancestry]
  4677 | D:6      | Reached XP level 8. HP: 60/60 MP: 8/8
  4711 | D:6      | Found an ornate altar of the Wu Jian Council.
  4714 | D:6      | Found a shadowy altar of Dithmenos.
  4717 | D:6      | Found an opulent altar of Gozag.
  4745 | D:6      | Found an iron altar of Okawaru.
  4797 | D:6      | Reached skill level 7 in Polearms
  4888 | D:6      | Found a stormy altar of Qazlal.
  4950 | D:6      | Reached skill level 8 in Polearms
  5171 | D:6      | Reached skill level 1 in Spellcasting
  5856 | D:6      | Gained mutation: When low on magic, you restore magic in
                  | place of health. [demonic ancestry]
  5856 | D:6      | Reached XP level 9. HP: 42/65 MP: 10/15
  5878 | D:6      | HP: 1/65 [centaur/arrow (5)]
  5879 | D:6      | Shot with an arrow by a centaur

Illustrated notes

Levels and vault maps discovered:
D:1:      tarquinn_simple_flora_water_d, layout_basic,
          nicolae_ecumenical_snake_handling, minmay_misc_feat_tiny
D:2:      layout_rooms, minmay_hedge_maze, st_stairs_13
D:3:      layout_basic, serial_shops, nicolae_shop_behind_doors,
          nicolae_shop_hallway_plus, serial_rivers,
          chequers_serial_rivers_room_a, chequers_serial_rivers_micro_b,
          chequers_serial_rivers_small_3, chequers_serial_rivers_micro_a,
          minivault_25, grunt_decor_clamped, serial_park_tiny_pond
D:4:      layout_loops_corners, temple_green, serial_shops,
          nicolae_shop_hallway_stairs, uniq_eustachio, uniq_blork_the_orc,
          uniq_crazy_yiuf_cottage
D:5:      layout_cave_pools, serial_shops, nicolae_shop_stone, minmay_puff
D:6:      layout_loops_corners, kennysheep_little_box,
          grunt_temple_overflow_cloverleaf, minmay_crossroads
Temple:   nicolae_temple_bog_church

Skill      XL: |  1  2  3  4  5  6  7  8 |
---------------+-------------------------+-----
Stealth        | 2 |  2.0
Fighting       | 3 4 |  4.0
Polearms       | 2 3 4 6 8 |  8.0
Armour         | 3 4 |  4.0
Spellcasting   | 4 |  4.6
Short Blades   | |  2.6
Throwing       | |  1.7
Dodging        | |  2.6

Action                     |  1- 3 |  4- 6 |  7- 9 || total
---------------------------+-------+-------+-------++-------
  Melee: Rapier            |    58 |       |       ||    58
         Spear             |    33 |   124 |   238 ||   395
         Punch             |     1 |       |     1 ||     2
  Throw: Javelin           |     1 |       |       ||     1
         Dart              |       |       |     1 ||     1
         Throwing net      |       |       |     1 ||     1
    Use: Scroll            |     3 |     5 |     7 ||    15
         Potion            |     1 |       |     1 ||     2
   Stab: Sleeping          |     6 |    11 |     3 ||    20
         Distracted        |       |       |     1 ||     1
 Armour: Leather armour    |    13 |    20 |    38 ||    71
  Dodge: Dodged            |    69 |    44 |   117 ||   230

Table legend: (Time is in decaauts)
 A = Elapsed time spent in this place.
 B = Non-inter-level travel time spent in this place.
 C = Inter-level travel time spent in this place.
 D = Time resting spent in this place.
 E = Time spent auto-exploring this place.
 F = Levels seen in this place.
 G = Mean time per level.
                   A        B        C        D        E       F      G
               +--------+--------+--------+--------+--------+-----+--------+
         Total |   5843 |   5600 |    243 |    289 |   4416 |   7 |  834.7 |
       Dungeon |   5650 |   5428 |    222 |    289 |   4256 |   6 |  941.7 |
        Temple |    192 |    172 |     20 |      0 |    159 |   1 |  192.0 |
               +--------+--------+--------+--------+--------+-----+--------+

Top non-repeatable levels by time:
     D:4: 1233 daAuts
     D:6: 1161 daAuts
     D:3: 983 daAuts
     D:1: 925 daAuts
     D:5: 707 daAuts
     D:2: 638 daAuts
  Temple: 192 daAuts
